 Dungeon Crawl Stone Soup version 0.26-a0-771-g060e6a62af (webtiles) character file.

Game seed: 5513176941825429230

620 Queen the Reanimator (level 7, -1/50 HPs)
             Began as a Hill Orc Necromancer on Nov 8, 2020.
             Slain by a water moccasin zombie (4 damage)
             ... on level 5 of the Dungeon.
             The game lasted 00:16:58 (6801 turns).

Queen the Reanimator (Hill Orc Necromancer)         Turns: 6801, Time: 00:16:59

Health: -1/50      AC:  4    Str: 11    XL:     7   Next: 46%
Magic:  9/9        EV: 12    Int: 17    God:
Gold:   193        SH:  0    Dex: 11    Spells: 4/9 levels left

rFire    . . .     SeeInvis .   b - +0 trident
rCold    . . .     Faith    .   (no shield)
rNeg     + . .     Spirit   .   i - +0 robe
rPois    .         Reflect  .   e - +0 helmet
rElec    .         Harm     .   (no cloak)
rCorr    .         Rampage  .   m - +0 pair of gloves
MR       .....                  (no boots)
Stlth    ++........             (no amulet)
HPRegen  0.16/turn              f - ring of positive energy
MPRegen  0.11/turn              (no ring)

@: no status effects
A: no striking features
a: no special abilities


You were on level 5 of the Dungeon.
You visited 1 branch of the dungeon, and saw 5 of its levels.

You collected 193 gold pieces.

Inventory:

Hand Weapons
 a - a +0 dagger of venom
 b - a +0 trident (weapon)
Armour
 e - a +0 helmet (worn)
 i - a +0 robe (worn)
 m - a +0 pair of gloves (worn)
Jewellery
 f - a ring of positive energy (left hand)
 n - an uncursed ring of protection from cold
Scrolls
 c - 4 scrolls of teleportation
 d - a scroll of enchant armour {unknown}
 h - 8 scrolls of remove curse {unknown}
 j - 4 scrolls of amnesia {unknown}
 l - a scroll of noise {unknown}
 o - 2 scrolls of identify {@r1}
 p - a scroll of magic mapping {unknown}
 q - a scroll of random uselessness {unknown}
 r - a scroll of fog {unknown}
 t - a scroll of blinking {unknown}
Potions
 g - a potion of ambrosia
 k - 2 potions of curing {unknown}
 s - 2 potions of lignification {unknown}
 u - 2 potions of heal wounds


   Skills:
 - Level 2.0 Dodging
 - Level 2.0 Stealth
 - Level 0.1 Unarmed Combat
 - Level 1.5 Spellcasting
 + Level 8.6 Necromancy


You had 4 spell levels left.
You knew the following spells:

 Your Spells              Type           Power        Failure   Level
a - Pain                  Necr           ####         1%          1
b - Animate Skeleton      Necr           ####..       1%          1
c - Vampiric Draining     Necr           ####......   1%          3

Your spell library contained the following spells:

 Spells                   Type           Power        Failure   Level
 Animate Dead             Necr           ####......   6%          4
 Agony                    Necr           ####....     16%         5


Dungeon Overview and Level Annotations

Branches:
Dungeon (5/15)
 Temple: D:4-7

Altars:
Gozag
Makhleb
Sif Muna
Yredelemnul


Message History

The water moccasin zombie is almost destroyed.
The water moccasin zombie bites you.
* * * LOW HITPOINT WARNING * * *
The water moccasin zombie bites you.
* * * LOW HITPOINT WARNING * * *
You barely miss the water moccasin zombie.
The water moccasin zombie is almost destroyed.
The water moccasin zombie bites you.
* * * LOW HITPOINT WARNING * * *
You barely miss the water moccasin zombie.
The water moccasin zombie is almost destroyed.
The water moccasin zombie closely misses you.
The water moccasin zombie bites you but does no damage.
You barely miss the water moccasin zombie.
The water moccasin zombie is almost destroyed.
The water moccasin zombie bites you but does no damage.
You closely miss the water moccasin zombie.
The water moccasin zombie is almost destroyed.
The water moccasin zombie bites you.
You die...

#.#
#.#
#.#
#.#
#.#
#<#
#.#
#Z#
#@#
#.#
#.#
#.#
#..
###


You could see a water moccasin zombie.

Vanquished Creatures
  Edmund (D:3)
  An ogre (D:4)
  A phantom (D:4)
  2 orc priests (D:4)
  A hound (D:4)
  A bullfrog skeleton (D:4)
  An iguana (D:4)
  A centaur skeleton (D:4)
  A worker ant (D:4)
  8 adders
  An ooze (D:1)
  An adder skeleton (D:4)
  3 worms (D:4)
  3 leopard geckos
  5 orcs
  2 ball pythons
  10 bats
  6 giant cockroaches
  5 goblins
  6 hobgoblins
  6 jackals
  A quokka (D:2)
  6 frilled lizards
  A jackal skeleton (D:3)
  5 kobolds
  7 rats
86 creatures vanquished.

Vanquished Creatures (collateral kills)
  A giant cockroach (D:4)
1 creature vanquished.

Grand Total: 87 creatures vanquished

Notes
Turn   | Place    | Note
-------+----------+-------------------------------------------
     0 | D:1      | Queen the Hill Orc Necromancer began the quest for the Orb.
     0 | D:1      | Reached XP level 1. HP: 14/14 MP: 3/3
   169 | D:1      | Reached XP level 2. HP: 15/20 MP: 1/4
  1113 | D:1      | Learned a level 1 spell: Animate Skeleton
  1219 | D:1      | Reached XP level 3. HP: 26/26 MP: 3/5
  2398 | D:1      | Learned a level 3 spell: Vampiric Draining
  2785 | D:2      | Reached skill level 5 in Necromancy
  2829 | D:2      | Reached XP level 4. HP: 29/33 MP: 2/6
  3968 | D:3      | Found a basalt altar of Yredelemnul.
  4040 | D:3      | Found an opulent altar of Gozag.
  4092 | D:3      | Found a shimmering blue altar of Sif Muna.
  4168 | D:3      | Found a burning altar of Makhleb.
  4171 | D:3      | Found an opulent altar of Gozag.
  4623 | D:4      | Noticed a phantom
  4644 | D:4      | Reached XP level 5. HP: 31/38 MP: 4/7
  4868 | D:4      | Noticed Edmund
  4937 | D:3      | Killed Edmund
  4937 | D:3      | Reached skill level 6 in Necromancy
  4937 | D:3      | Reached XP level 6. HP: 20/45 MP: 0/8
  5655 | D:4      | Reached skill level 7 in Necromancy
  6154 | D:4      | Reached XP level 7. HP: 47/50 MP: 4/9
  6158 | D:4      | Reached skill level 8 in Necromancy
  6772 | D:5      | Entered Level 5 of the Dungeon
  6798 | D:5      | HP: 2/50 [water moccasin zombie (4)]
  6801 | D:5      | Slain by a water moccasin zombie

Illustrated notes

Levels and vault maps discovered:
D:1:      dpeg_arrival_renting, layout_basic, serial_rivers,
          chequers_serial_rivers_room_b, chequers_serial_rivers_small_a,
          chequers_serial_rivers_small_3, chequers_serial_rivers_room_a,
          chequers_serial_rivers_small_b, chequers_serial_rivers_small_b,
          minmay_hexomino_f4
D:2:      layout_basic
D:3:      layout_basic, minitemple, lemuel_blue_sif_altar,
          nicolae_gozag_seed_capital
D:4:      layout_layer_cave, gup_sewer_entry_pipe, uniq_edmund
D:5:      layout_loops_ring, minmay_temple_entry_glassed_door, serial_undead,
          serial_undead_f, serial_undead_a, serial_undead_a, serial_undead_c

Skill      XL: |  1  2  3  4  5  6  7 |
---------------+----------------------+-----
Stealth        | 2 |  2.0
Dodging        | 2 |  2.0
Necromancy     | 5 6 7 8 |  8.6
Unarmed Combat | |  0.1
Spellcasting   | |  1.5

Action                   |  1- 3 |  4- 6 |  7- 9 || total
-------------------------+-------+-------+-------++-------
Melee: Unarmed           |    28 |       |       ||    28
       Dagger            |       |    67 |    29 ||    96
       Trident           |       |       |    49 ||    49
 Cast: Pain              |    80 |    75 |     9 ||   164
       Animate Skeleton  |     1 |     7 |     4 ||    12
       Vampiric Draining |       |     2 |       ||     2
  Use: Scroll            |     3 |       |       ||     3
 Stab: Sleeping          |       |     1 |       ||     1
Armor: Robe              |    10 |    26 |    10 ||    46
Dodge: Dodged            |    37 |    60 |    50 ||   147

Table legend: (Time is in decaauts)
 A = Elapsed time spent in this place.
 B = Non-inter-level travel time spent in this place.
 C = Inter-level travel time spent in this place.
 D = Time resting spent in this place.
 E = Time spent auto-exploring this place.
 F = Levels seen in this place.
 G = Mean time per level.
                   A        B        C        D        E       F      G
               +--------+--------+--------+--------+--------+-----+--------+
         Total |   6843 |   6589 |    254 |   2546 |   2887 |   5 | 1368.6 |
       Dungeon |   6843 |   6589 |    254 |   2546 |   2887 |   5 | 1368.6 |
               +--------+--------+--------+--------+--------+-----+--------+

Top non-repeatable levels by time:
     D:1: 2406 daAuts
     D:3: 1818 daAuts
     D:4: 1438 daAuts
     D:2: 1145 daAuts
     D:5: 35 daAuts
